 Dungeon Crawl Stone Soup version 0.28-a0-381-g937acc2988 (webtiles) character file.

Game seed: 12493484695137791497

1136 SolCadguy the Chopper (level 8, -2/55 HPs)
             Began as a Palentonga Hedge Wizard on Sept 2, 2021.
             Was a Follower of Okawaru.
             Slain by a four-headed hydra (10 damage)
             ... on level 6 of the Dungeon.
             The game lasted 00:24:11 (7951 turns).

SolCadguy the Chopper (Palentonga Hedge Wizard)     Turns: 7951, Time: 00:24:18

Health: -2/55      AC: 26    Str: 17    XL:     8   Next: 14%
Magic:  0/13       EV:  9    Int: 14    God:    Okawaru [*.....]
Gold:   203        SH:  5    Dex:  9    Spells: 6/14 levels left

rFire   . . .      SeeInvis +   a - +0 dagger (elec)
rCold   + . .      Faith    .   e - +0 buckler
rNeg    . . .      Spirit   .   b - +1 robe
rPois   .          Reflect  .   z - +0 helmet
rElec   .          Harm     .   (no cloak)
rCorr   .          Rampage  .   y - +1 pair of gloves
Will    .....                   d - +0 barding {rC+}
Stlth   +++.......              (no amulet)
HPRegen 0.18/turn               (no ring)
MPRegen 0.13/turn               (no ring)

@: ice-armoured, heroic, curled up
A: large, rugged brown scales 3, see invisible, deformed body, roll 1, armoured
tail, reflexive curl, no potion heal 1, subdued magic 1, MP-powered wands
a: Rolling Charge, Renounce Religion, Heroism


You were on level 6 of the Dungeon.
You worshipped Okawaru.
Okawaru was aware of your devotion.
You visited 1 branch of the dungeon, and saw 6 of its levels.

You collected 203 gold pieces.

Inventory:

Hand Weapons
 a - a +0 dagger of electrocution (weapon)
 p - a +0 hand axe
 r - a +0 falchion
 u - a +0 war axe
 w - the +6 falchion "Qotud" {vorpal, rElec rC+ Int-4}
   (You found it on level 5 of the Dungeon)

   It inflicts extra damage upon your enemies.
   Int:       It affects your intelligence (-4).
   rC:        It protects you from cold.
   rElec:     It insulates you from electricity.
Missiles
 n - 11 boomerangs
 q - 13 poisoned darts (quivered)
 x - a throwing net
Armour
 b - a +1 robe (worn)
 c - a +0 hat
 d - a +0 barding of cold resistance (worn)
 e - a +0 buckler (worn)
 v - a +0 helmet
 y - a +1 pair of gloves (worn)
 z - a +0 helmet (worn)
Magical Staves
 h - a staff of cold
 A - a staff of air
Jewellery
 f - an amulet of the acrobat
 s - a ring of ice
Wands
 i - a wand of mindburst (11)
 j - a wand of iceblast (12)
Scrolls
 g - 2 scrolls of identify
 k - a scroll of vulnerability
 l - a scroll of enchant weapon
Potions
 m - a potion of brilliance {unknown}
 o - a potion of curing {unknown}
 t - a potion of degeneration {unknown}


   Skills:
 - Level 1.5(6.5) Short Blades
 + Level 6.9(11.9) Axes
 - Level 1.5(6.5) Dodging
 - Level 1.2(6.2) Stealth
 - Level 2.4(7.4) Shields
 - Level 3.5 Spellcasting
 - Level 0.8 Conjurations
 - Level 0.7 Summonings
 - Level 3.7 Translocations
 - Level 2.3 Ice Magic


You had 6 spell levels left.
You knew the following spells:

 Your Spells              Type           Power      Damage    Failure   Level
a - Magic Dart            Conj           12%        1d3       12%         1
b - Blink                 Tloc           N/A        N/A       5%          2
c - Call Imp              Summ           3%         N/A       19%         2
d - Ozocubu's Armour      Ice            6%         N/A       21%         3

Your spell library contained the following spells:

 Spells                   Type           Power      Damage    Failure   Level
 Slow                     Hex            1%         N/A       26%         2
 Conjure Flame            Conj/Fire      2%         6-21      41%         3
 Dazzling Flash           Conj/Hex       4%         N/A       41%         3
 Mephitic Cloud           Conj/Pois/Air  2%         N/A       43%         3
 Iskenderun's Mystic Bla  Conj/Tloc      6%         2d4       56%         4
 Metabolic Englaciation   Hex/Ice        2%         N/A       97%         5
 Starburst                Conj/Fire      1%         6d3       100%        6
 Simulacrum               Ice/Necr       Unusable   N/A       N/A         6

Dungeon Overview and Level Annotations

Branches:
Dungeon (6/15)             Temple (0/1) D:6

Altars:
Gozag
Okawaru


Innate Abilities, Weirdness & Mutations

You are completely covered in rugged brown scales. (AC +3, +7% HP)
You have supernaturally acute eyesight. (SInv)
Armour fits poorly on your strangely shaped body.
You can roll at nearby foes to attack.
You have a long armoured tail.
You curl defensively after being hit.
Potions are less effective at restoring your health.
Your spells are a little easier to cast, but a little less powerful.
You expend magic power (3 MP) to strengthen your wands.


Message History

The four-headed hydra bites you but does no damage. x2
You block the four-headed hydra's attack.
The four-headed hydra bites you!
Unknown command.
You hit the four-headed hydra but do no damage.
Lightning courses through the four-headed hydra!
The four-headed hydra is severely wounded.
The four-headed hydra bites you but does no damage.
The four-headed hydra bites you. x2
You block the four-headed hydra's attack.
You hit the four-headed hydra.
The four-headed hydra is almost dead.
The four-headed hydra bites you but does no damage. x2
The four-headed hydra barely misses you.
The four-headed hydra bites you!
You barely miss the four-headed hydra.
The four-headed hydra is almost dead.
The four-headed hydra looks more healthy.
The four-headed hydra bites you but does no damage. x2
The four-headed hydra barely misses you.
The four-headed hydra closely misses you.
You barely miss the four-headed hydra. You tail-slap the four-headed hydra.
The four-headed hydra is almost dead.
The four-headed hydra bites you.
The four-headed hydra bites you but does no damage. x2
The four-headed hydra barely misses you.
You gain the combat prowess of a mighty hero.
The four-headed hydra bites you!
The four-headed hydra bites you but does no damage.
The four-headed hydra bites you!
* * * LOW HITPOINT WARNING * * *
The four-headed hydra bites you but does no damage.
You barely miss the four-headed hydra. You tail-slap the four-headed hydra.
The four-headed hydra is almost dead.
The four-headed hydra bites you.
* * * LOW HITPOINT WARNING * * *
The four-headed hydra bites you.
* * * LOW HITPOINT WARNING * * *
The four-headed hydra bites you!
You die...

#####
#....############
#....@..........#
#...D#####......#
#....#..........#
#..(.#.##.......#
#....#.##.......#
#....#.##.......######
#....#.##.............
#....#.##.............
.......#.#.......


You could see a four-headed hydra.

Vanquished Creatures
  An unseen horror (D:5)
  A black bear (D:4)
  A phantom (D:3)
  A scorpion (D:4)
  2 water moccasin skeletons
  3 orc priests (D:4)
  2 gnoll shamans
  4 iguanas
  2 orc wizards (D:4)
  Robin (D:4)
  A howler monkey zombie (D:4)
  A howler monkey skeleton (D:5)
  5 adders
  6 gnolls
  An ufetubus (D:4)
  A worm (D:2)
  A dart slug (D:4)
  10 orcs
  5 ball pythons
  11 endoplasms
  6 giant cockroaches
  13 goblins
  4 hobgoblins
  6 jackals
  5 kobolds
  4 quokkas
  A bat (D:2)
  7 frilled lizards
  4 rats
110 creatures vanquished.

Vanquished Creatures (collateral kills)
  A goblin (D:4)
1 creature vanquished.

Vanquished Creatures (others)
  11 plants
11 creatures vanquished.

Grand Total: 122 creatures vanquished

Notes
Turn   | Place    | Note
-------+----------+-------------------------------------------
     0 | D:1      | SolCadguy the Palentonga Hedge Wizard began the quest for
                  | the Orb.
     0 | D:1      | Reached XP level 1. HP: 13/13 MP: 4/4
   403 | D:1      | Reached XP level 2. HP: 9/20 MP: 4/6
  1381 | D:1      | Learned a level 2 spell: Blink
  1870 | D:2      | Found a faded altar of an unknown god.
  1896 | D:1      | Reached XP level 3. HP: 20/25 MP: 3/7
  2317 | D:1      | Identified a scroll of acquirement
  2317 | D:1      | Acquired a +0 barding of cold resistance
  2762 | D:2      | Reached XP level 4. HP: 31/32 MP: 8/8
  2822 | D:3      | Found an opulent altar of Gozag.
  3082 | D:3      | Reached skill level 1 in Shields
  3925 | D:4      | Noticed a phantom
  3959 | D:3      | Killed a phantom
  3960 | D:3      | Reached skill level 1 in Axes
  3960 | D:3      | Reached XP level 5. HP: 29/37 MP: 1/9
  4141 | D:4      | Noticed a black bear
  4233 | D:4      | Gained mutation: Your spells are a little easier to cast,
                  | but a little less powerful. [potion of mutation]
  4233 | D:4      | Gained mutation: Potions are less effective at restoring
                  | your health. [potion of mutation]
  4233 | D:4      | Gained mutation: You expend magic power (3 MP) to
                  | strengthen your wands. [potion of mutation]
  4444 | D:4      | Killed a black bear
  4445 | D:4      | Reached skill level 2 in Axes
  4445 | D:4      | Reached XP level 6. HP: 43/43 MP: 0/11
  4448 | D:4      | Learned a level 2 spell: Call Imp
  4452 | D:4      | Learned a level 3 spell: Ozocubu's Armour
  5280 | D:4      | Reached skill level 1 in Ice Magic
  5584 | D:4      | Noticed Robin
  5623 | D:4      | HP: 1/43 [scorpion (7)]
  6109 | D:4      | Reached skill level 3 in Axes
  6238 | D:4      | Reached skill level 1 in Short Blades
  6238 | D:4      | Gained mutation: You curl defensively after being hit.
                  | [Palentonga growth]
  6238 | D:4      | Reached XP level 7. HP: 13/49 MP: 12/12
  6668 | D:4      | Killed Robin
  6680 | D:4      | Reached skill level 4 in Axes
  6824 | D:5      | Entered Level 5 of the Dungeon
  7028 | D:5      | Found an iron altar of Okawaru.
  7039 | D:5      | Identified the +6 falchion "Qotud" {vorpal, rElec rC+
                  | Int-4}
  7052 | D:5      | Became a worshipper of Warmaster Okawaru
  7299 | D:5      | Noticed an unseen horror
  7306 | D:5      | Killed an unseen horror
  7307 | D:5      | Reached skill level 6 in Axes
  7307 | D:5      | Reached XP level 8. HP: 50/55 MP: 10/13
  7831 | D:6      | Reached * piety under Okawaru
  7911 | D:6      | Found a staircase to the Ecumenical Temple.
  7938 | D:6      | Noticed a four-headed hydra
  7951 | D:6      | Slain by a four-headed hydra

Illustrated notes

Levels and vault maps discovered:
D:1:      dpeg_arrival_chambers_temple_mockup, layout_basic
D:2:      layout_rooms, basic_ecumenical_altar
D:3:      layout_basic, mainiacjoe_overflow_six_doors_small
D:4:      layout_loops_corners, portal_sewer_entry_e,
          nicolae_ossuary_entry_plus, corexii_shack, serial_bayou_ford_a,
          uniq_robin
D:5:      layout_loops_ring, okawaru_ov_weapons_minmay
D:6:      layout_basic, fedhas_altar_1, minmay_temple_entry_drinking_statues

Skill      XL: |  1  2  3  4  5  6  7 |
---------------+----------------------+-----
Translocations | 2 3 |  3.7
Shields        | 2 |  2.4
Axes           | 1 2 3 6 |  6.9
Ice Magic      | 2 |  2.3
Short Blades   | 1 |  1.5
Dodging        | |  1.5
Stealth        | |  1.2
Spellcasting   | |  3.5
Conjurations   | |  0.8
Summonings     | |  0.7

Action                   |  1- 3 |  4- 6 |  7- 9 || total
-------------------------+-------+-------+-------++-------
Melee: Dagger            |   165 |   175 |     6 ||   346
       Tailslap          |    12 |    17 |     6 ||    35
       War axe           |       |     2 |    33 ||    35
       Falchion          |       |       |    41 ||    41
Throw: Boomerang         |       |     1 |       ||     1
       Dart              |       |    20 |     9 ||    29
 Cast: Magic Dart        |    15 |     9 |     6 ||    30
       Blink             |     2 |    18 |     3 ||    23
       Call Imp          |       |     1 |       ||     1
       Ozocubu's Armour  |       |       |     2 ||     2
Invok: Heroism           |       |       |     1 ||     1
 Abil: Rolling Charge    |    19 |    21 |    16 ||    56
Evoke: Wand              |       |     2 |     4 ||     6
  Use: Scroll            |     5 |     2 |       ||     7
       Potion            |       |     2 |       ||     2
Armor: Robe              |    70 |    81 |    35 ||   186
Dodge: Dodged            |    77 |    47 |    33 ||   157
Block: Buckler           |    10 |    25 |    10 ||    45

Table legend: (Time is in decaauts)
 A = Elapsed time spent in this place.
 B = Non-inter-level travel time spent in this place.
 C = Inter-level travel time spent in this place.
 D = Time resting spent in this place.
 E = Time spent auto-exploring this place.
 F = Levels seen in this place.
 G = Mean time per level.
                   A        B        C        D        E       F      G
               +--------+--------+--------+--------+--------+-----+--------+
         Total |   7998 |   7591 |    407 |   2325 |   3782 |   6 | 1333.0 |
       Dungeon |   7998 |   7591 |    407 |   2325 |   3782 |   6 | 1333.0 |
               +--------+--------+--------+--------+--------+-----+--------+

Top non-repeatable levels by time:
     D:1: 2248 daAuts
     D:3: 2027 daAuts
     D:4: 1853 daAuts
     D:5: 921 daAuts
     D:2: 797 daAuts
     D:6: 149 daAuts
